 Dungeon Crawl Stone Soup version 0.18.1-48-g4cf74bf (webtiles) character file.

45110 tyranidshit the Fighter (level 13, -13/128 HPs)
             Began as a Deep Dwarf Necromancer on July 11, 2016.
             Was the Champion of Makhleb.
             Mangled by an orc warlord
             ... wielding a +6 glaive of freezing
              (27 damage)
             ... on level 2 of the Orcish Mines.
             The game lasted 02:18:43 (17153 turns).

tyranidshit the Fighter (Deep Dwarf Necromancer)   Turns: 17153, Time: 02:18:44

Health: -13/128    AC: 20    Str: 16    XL:     13   Next: 99%
Magic:  5/28       EV: 14    Int: 26    God:    Makhleb [******]
Gold:   1865       SH:  7    Dex: 13    Spells: 3 memorised, 26 levels left

rFire  + . .     SeeInvis .     f - +8 mace "Bunon" {freeze, Str+4 Int+5}
rCold  . . .     Gourm    .     g - +3 leather armour {rPois}
rNeg   . . .     Faith    .     T - +0 shield {AC+3}
rPois  +         Spirit   .     W - +2 hat
rElec  .         Dismiss  .     n - +2 cloak
rCorr  .         Reflect  .     v - +2 pair of gloves
SustAt .         Harm     .     i - +2 pair of boots
MR     +....                    (no amulet)
Stlth  ++........               l - ring of protection from fire
                                U - ring of magical power

@: about to teleport, non-regenerating, drained, somewhat resistant to hostile
enchantments, unstealthy
A: damage resistance, recharge devices, hooves 1, low mp 1, sense surroundings
2, slow regeneration 3
a: Device Recharging, Minor Destruction, Lesser Servant of Makhleb, Major
Destruction, Greater Servant of Makhleb, Renounce Religion


You were on level 2 of the Orcish Mines.
You worshipped Makhleb.
Makhleb was exalted by your worship.
You were hungry.

You visited 4 branches of the dungeon, and saw 23 of its levels.
You also visited: Ossuary and Volcano.

You collected 2545 gold pieces.
You spent 680 gold pieces at shops.

Inventory:

Hand Weapons
 f - the +8 mace "Bunon" (weapon) {freeze, Str+4 Int+5}
   (You bought it in a shop on level 10 of the Dungeon)

   It has been specially enchanted to freeze those struck by it, causing extra
   injury to most foes and up to half again as much damage against particularly
   susceptible opponents.
   It can also slow down cold-blooded creatures.
   It affects your strength (+4).
   It affects your intelligence (+5).
Missiles
 u - 14 poisoned needles
Armour
 g - a +3 leather armour of poison resistance (worn)
 i - a +2 pair of boots (worn)
 n - a +2 cloak (worn)
 v - a +2 pair of gloves (worn)
 T - a +0 shield of protection (worn)
 W - a +2 hat (worn)
Magical Staves
 a - an uncursed staff of power
Jewellery
 l - a ring of protection from fire (right hand)
 U - a ring of magical power (left hand)
Wands
 c - a wand of heal wounds (0/9)
 p - a wand of digging (3/24)
 y - a wand of paralysis (3/24)
 H - a wand of polymorph (0/24)
 K - a wand of random effects (36/48)
Scrolls
 j - 2 scrolls of magic mapping
 w - 2 scrolls of amnesia
 x - 10 scrolls of identify
 z - a scroll of enchant weapon
 M - a scroll of fear
Potions
 e - 2 potions of cancellation
 k - 8 potions of curing
 o - 5 potions of flight
 A - 2 potions of haste
 B - 2 potions of brilliance
 C - 2 potions of might
 R - a potion of invisibility
 V - a potion of cure mutation
 Y - a potion of agility
Books
 b - a book of Necromancy

   Spells                             Type                      Level
   a - Pain                           Necromancy                   1
   b - Animate Skeleton               Necromancy                   1
   c - Vampiric Draining              Necromancy                   3
   d - Regeneration                   Charms/Necromancy            3
   e - Animate Dead                   Necromancy                   4
   f - Control Undead                 Necromancy                   4
 q - a book of Maledictions

   Spells                             Type                      Level
   a - Corona                         Hexes                        1
   b - Ensorcelled Hibernation        Hexes/Ice                    2
   c - Confuse                        Hexes                        3
   d - Tukima's Dance                 Hexes                        3
   e - Dazzling Spray                 Conjuration/Hexes            3
 r - a book of Ice

   Spells                             Type                      Level
   a - Ice Form                       Ice/Transmutation            4
   b - Metabolic Englaciation         Hexes/Ice                    5
   c - Ozocubu's Refrigeration        Ice                          6
   d - Bolt of Cold                   Conjuration/Ice              6
   e - Freezing Cloud                 Conjuration/Ice/Air          6
   f - Simulacrum                     Ice/Necromancy               6
 s - a book of Callings

   Spells                             Type                      Level
   a - Summon Small Mammal            Summoning                    1
   b - Call Imp                       Summoning                    2
   c - Call Canine Familiar           Summoning                    3
   d - Summon Guardian Golem          Hexes/Summoning              3
   e - Summon Lightning Spire         Summoning/Air                4
   f - Summon Ice Beast               Ice/Summoning                4
 t - a book of the Earth

   Spells                             Type                      Level
   a - Leda's Liquefaction            Hexes/Earth                  4
   b - Bolt of Magma                  Conjuration/Fire/Earth       5
   c - Statue Form                    Transmutation/Earth          6
   d - Iron Shot                      Conjuration/Earth            6
   e - Shatter                        Earth                        9
 G - a book of Clouds

   Spells                             Type                      Level
   a - Mephitic Cloud                 Conjuration/Poison/Air       3
   b - Conjure Flame                  Conjuration/Fire             3
   c - Poisonous Cloud                Conjuration/Poison/Air       6
   d - Freezing Cloud                 Conjuration/Ice/Air          6
   e - Ring of Flames                 Charms/Fire                  7
Miscellaneous
 d - a phantom mirror
 O - an ornate deck of changes
Comestibles
 h - 13 fruits
 E - a bread ration
 I - a slice of pizza
 S - 2 meat rations
 X - 5 beef jerkies


   Skills:
 * Level 11.7(11.6) Fighting
 - Level 10.2(10.1) Dodging
 - Level 2.4(2.3) Stealth
 * Level 11.1(11.0) Spellcasting
 - Level 10.1(9.9) Necromancy
 - Level 10.5(10.4) Invocations
 - Level 10.3(10.2) Evocations


You had 26 spell levels left.
You knew the following spells:

 Your Spells              Type           Power        Failure   Level  Hunger
a - Pain                  Necr           ####         1%          1    None
b - Vampiric Draining     Necr           ######....   1%          3    None
c - Animate Dead          Necr           N/A          8%          4    None


Dungeon Overview and Level Annotations

Branches:
Dungeon (12/15)            Temple (1/1) D:6            Lair (8/8) D:9
  Swamp (0/4) Lair:3       Spider (0/4) Lair:4          Orc (2/2) D:12
    Elf (0/3) Orc:2
  Slime: Lair:6-8

Altars:
Ashenzari
Dithmenos
Makhleb
Ru
Sif Muna
Vehumet
Xom
Yredelemnul
Zin
Beogh

Shops:
D:4 ?   D:7 ?   D:10 (

Annotations:
D:4 tyranidshit's ghost, amateur DDNe
D:9 Rationalist's ghost, novice FoFi
D:11 Josephine
Lair:3 exclusion: oklob plant


Innate Abilities, Weirdness & Mutations

You are resistant to damage.
You can recharge devices by infusing magical energy.
You passively map the area around you.
You do not regenerate naturally.
You have large cloven feet.
Your magical capacity is low (-10% MP).


Message History

* * * LOW HITPOINT WARNING * * *
The orc knight hits you with a dire flail!
* * * LOW HITPOINT WARNING * * *
Read which item? (? for menu, Esc to quit)
As you read the scroll of fear, it crumbles to dust.
You assume a fearsome visage.
The balrug is unaffected.
The orc looks frightened!
The orc warlord resists with almost no effort.
The orc knight looks frightened!
The orc wizard looks frightened!
The orc looks frightened!
The orc wizard mumbles some strange words.
The orc wizard flickers and vanishes!
Deactivating autopickup; reactivate with Ctrl-A.
Read which item? (? for menu, Esc to quit)
As you read the scroll of teleportation, it crumbles to dust.
You feel strangely unstable.
The orc warlord roars a battlecry!
The orcs go into a battle-frenzy!
The orc warlord hits you from afar with a glaive of freezing!!
You die...

..............#.##....#
.............#.......#
.......))))........###
..............)....#
.....).)..)).......##
..............).....##
....))......o))......#
...############).#)..###
## ...,, #.@.{....##.##
.. , #.2.)).......# .o *
** #.o.o..o....## .,, *
*, , ##))##)#.)..# . ,*
*#.).####.).#### , ,, ,
,, , ##..######o...## ##
, , #....#..).....##.# ,
, ##................ ,
*, * ###..)..........#


You could see an orc warlord, a balrug, an orc knight (fleeing) and an orc
(fleeing).

Vanquished Creatures
  Gastronok (D:8)
  Nessos (Lair:5)
  Harold (Orc:1)
  3 hydras
  Erica (Lair:1)
  An orc high priest (Orc:2)
  7 hill giants
  3 ugly things (D:11)
  A cyclops (D:10)
  A black mamba (Lair:2)
  5 elephants (Lair:5)
  13 spiny frogs
  3 komodo dragons
  4 trolls
  26 blink frogs
  A slime creature (D:12)
  4 wraiths
  3 redbacks (Lair:4)
  A fire bat (Volcano)
  3 wyverns
  13 yaks
  6 hippogriffs
  A hungry ghost (D:8)
  9 water moccasins
  6 porcupines
  14 orc warriors
  A swamp drake (D:12)
  A black bear (Lair:1)
  2 ice beasts
  4 sky beasts
  3 centaurs
  5 ogres
  11 wolves
  7 crocodiles
  A big kobold (D:11)
  10 giant frogs
  7 scorpions
  2 wyvern skeletons
  A water moccasin skeleton (D:11)
  14 killer bees
  12 wights
  4 howler monkeys (D:8)
  2 crimson imps
  A giant frog zombie (D:12)
  5 jellies
  3 iron imps (D:4)
  9 hounds
  10 orc priests
  2 centaur skeletons
  2 giant frog skeletons
  11 orc wizards
  9 iguanas
  7 worker ants
  2 sheep (Lair:5)
  A mummy (Ossuary)
  A worker ant zombie (D:6)
  8 gnolls
  9 adders
  20 river rats
  4 shadow imps
  3 oozes
  3 adder zombies
  2 worms
  3 dart slugs
  5 giant geckos
  61 orcs
  3 bats
  3 giant cockroaches
  4 goblins (D:1)
  5 hobgoblins
  15 jackals
  9 kobolds
  4 quokkas
  A ball python (D:3)
  4 giant newts
  3 gnoll skeletons (Ossuary)
  A kobold skeleton (Ossuary)
  6 orc skeletons (Ossuary)
  A quokka skeleton (D:7)
  4 rats
  A fungus (Lair:4)
464 creatures vanquished.

Vanquished Creatures (collateral kills)
  Snorg (Lair:5)
  A hydra (Lair:4)
  An orc high priest (Orc:2)
  2 orc sorcerers (Orc:2)
  An ugly thing (D:11)
  2 orc knights (Orc:2)
  2 spiny frogs
  3 komodo dragons
  A troll (Orc:2)
  9 blink frogs
  Grum (D:11)
  5 yaks (Lair:7)
  2 wyverns (Lair:7)
  2 hippogriffs
  3 water moccasins
  A porcupine (Lair:7)
  13 orc warriors (Orc:2)
  A wolf (D:11)
  2 crocodiles
  A giant frog (Lair:3)
  9 orc priests (Orc:2)
  2 iguanas (Lair:4)
  7 orc wizards (Orc:2)
  3 sheep (Lair:5)
  7 river rats
  16 orcs
  2 jackals (D:11)
  A fungus (Lair:5)
  2 plants
103 creatures vanquished.

Vanquished Creatures (others)
  An orc wizard (D:12)
  3 fungi
  A plant (Lair:4)
5 creatures vanquished.

Grand Total: 572 creatures vanquished

Notes
Turn   | Place    | Note
--------------------------------------------------------------
     0 | D:1      | tyranidshit the Deep Dwarf Necromancer began the quest for the Orb.
     0 | D:1      | Reached XP level 1. HP: 15/15 MP: 3/3
   135 | D:1      | Reached XP level 2. HP: 18/24 MP: 0/5
   218 | D:1      | Reached skill level 1 in Fighting
   493 | D:1      | Reached XP level 3. HP: 12/31 MP: 0/6
   498 | D:1      | Learned a level 3 spell: Vampiric Draining
   798 | D:2      | Found a shattered altar of Ashenzari.
  1054 | D:2      | Reached XP level 4. HP: 33/39 MP: 1/8
  1426 | D:3      | Found a radiant altar of Vehumet.
  1654 | D:3      | Found a glowing silver altar of Zin.
  1654 | D:3      | Found a shadowy altar of Dithmenos.
  1669 | D:3      | Found a basalt altar of Yredelemnul.
  1944 | D:4      | Noticed tyranidshit's ghost (amateur DDNe)
  1959 | D:5      | Entered Level 5 of the Dungeon
  2030 | D:5      | Reached XP level 5. HP: 36/48 MP: 0/10
  2092 | D:5      | Noticed an ice beast
  2450 | D:4      | Found Jofiv's Magic Scroll Emporium.
  2467 | D:4      | Reached XP level 6. HP: 27/56 MP: 0/12
  2499 | D:4      | Found a burning altar of Makhleb.
  2540 | D:4      | Became a worshipper of Makhleb the Destroyer
  2609 | D:5      | Killed an ice beast
  3336 | D:6      | Reached XP level 7. HP: 52/66 MP: 0/14
  3437 | D:6      | Reached skill level 5 in Spellcasting
  3553 | D:6      | Found a staircase to the Ecumenical Temple.
  3583 | D:6      | Reached * piety under Makhleb
  3583 | D:6      | Reached skill level 5 in Fighting
  3601 | Temple   | Entered the Ecumenical Temple
  4047 | D:6      | Reached XP level 8. HP: 25/76 MP: 0/15
  4343 | D:7      | Found a sand-covered staircase.
  4348 | Ossuary  | Entered an ossuary
  4389 | Ossuary  | Reached ** piety under Makhleb
  4435 | Ossuary  | Noticed TBriggs11TB's ghost (amateur GrBe)
  4667 | D:7      | Found Goschu's Magic Scroll Shoppe.
  5318 | D:8      | Noticed Gastronok
  5368 | D:7      | Gained mutation: You passively map the area around you. [Deep Dwarf growth]
  5368 | D:7      | Reached XP level 9. HP: 64/86 MP: 7/17
  5383 | D:7      | Reached *** piety under Makhleb
  5408 | D:7      | Noticed a cyan ugly thing
  5805 | D:8      | Killed Gastronok
  5805 | D:8      | Reached XP level 10. HP: 77/99 MP: 2/21
  6057 | D:7      | Identified a +0 rod of inaccuracy (11/11) (You found it on level 8 of the Dungeon)
  6186 | D:4      | Bought a scroll of acquirement for 520 gold pieces
  6278 | D:4      | Found a shimmering altar of Xom.
  6309 | D:4      | Found a sacrificial altar of Ru.
  6361 | D:4      | Reached **** piety under Makhleb
  6809 | D:9      | Noticed Rationalist's ghost (novice FoFi)
  7217 | D:9      | Found a staircase to the Lair.
  7379 | D:9      | You fall through a shaft for 3 floors!
  7397 | D:12     | Noticed a four-headed hydra
  7654 | D:11     | Noticed a green ugly thing
  7818 | D:11     | Noticed a hill giant
  7836 | D:10     | Entered Level 10 of the Dungeon
  7843 | D:10     | Found Itycicyt's Antique Weapon Shop.
  7890 | D:10     | Reached skill level 10 in Fighting
  7977 | D:10     | Noticed a hill giant
  8028 | D:10     | HP: 5/102 [hill giant/giant club (26)]
  8029 | D:10     | Killed a hill giant
  8251 | D:10     | Found a roughly hewn altar of Beogh.
  8267 | D:10     | Reached skill level 10 in Spellcasting
  8295 | D:10     | Reached ***** piety under Makhleb
  8495 | D:10     | Reached XP level 11. HP: 38/110 MP: 1/20
  8546 | D:10     | Bought a steaming mace for 160 gold pieces
  8546 | D:10     | Identified the +8 mace "Bunon" {freeze, Str+4 Int+5} (You bought it in a shop on level 10 of the Dungeon)
  8711 | Lair:1   | Entered Level 1 of the Lair of Beasts
  8744 | Lair:1   | Learned a level 4 spell: Animate Dead
  8849 | Lair:1   | Found a dark tunnel.
  8863 | Volcano  | Entered a volcano
  8964 | Lair:1   | Noticed Erica
  9094 | Lair:1   | Reached skill level 5 in Necromancy
  9259 | Lair:1   | Killed Erica
  9398 | Lair:2   | Reached skill level 5 in Dodging
 10267 | Lair:3   | Found a staircase to the Swamp.
 10428 | Lair:3   | Noticed an oklob plant
 10510 | Lair:3   | Reached XP level 12. HP: 69/120 MP: 1/20
 10526 | Lair:3   | Noticed a four-headed hydra
 10582 | Lair:3   | Killed a four-headed hydra
 10727 | Lair:3   | Reached ****** piety under Makhleb
 11021 | Lair:4   | Noticed a five-headed hydra
 11054 | Lair:4   | Noticed a six-headed hydra
 11148 | Lair:4   | Found a hole to the Spider Nest.
 11210 | Lair:4   | Killed a five-headed hydra
 11231 | Lair:4   | Killed a six-headed hydra
 11231 | Lair:4   | Reached skill level 10 in Necromancy
 11588 | Lair:4   | Reached skill level 10 in Dodging
 11816 | Lair:5   | Reached skill level 1 in Invocations
 11816 | Lair:5   | Reached skill level 1 in Evocations
 12032 | Lair:5   | Noticed Snorg
 12046 | Lair:5   | Killed Snorg
 12287 | Lair:5   | Reached skill level 5 in Invocations
 12293 | Lair:5   | Reached skill level 5 in Evocations
 12322 | Lair:5   | Noticed Nessos
 12368 | Lair:5   | Killed Nessos
 12811 | Lair:6   | Reached XP level 13. HP: 106/127 MP: 14/21
 13542 | Lair:8   | Entered Level 8 of the Lair of Beasts
 14493 | D:11     | Noticed Grum
 14499 | D:11     | Killed Grum
 14674 | D:11     | Reached skill level 10 in Invocations
 14865 | D:11     | Reached skill level 10 in Evocations
 14940 | D:11     | Noticed Josephine
 15010 | D:11     | Gained mutation: You have large cloven feet. [potion of mutation]
 15010 | D:11     | Gained mutation: Your magical capacity is low (-10% MP). [potion of mutation]
 15616 | D:12     | Found a staircase to the Orcish Mines.
 15841 | Orc:1    | Entered Level 1 of the Orcish Mines
 16115 | Orc:1    | Noticed Harold
 16132 | Orc:1    | Killed Harold
 16339 | Orc:2    | Entered Level 2 of the Orcish Mines
 16452 | Orc:2    | Found a staircase to the Elven Halls.
 16730 | Orc:2    | Found a deep blue altar of Sif Muna.
 17100 | Orc:2    | Noticed an orc warlord
 17151 | Orc:2    | Noticed a balrug
 17153 | Orc:2    | Mangled by an orc warlord

Skill      XL: |  1  2  3  4  5  6  7  8  9 10 11 12 13 |
---------------+----------------------------------------+-----
Spellcasting   | 2 3 4 5 7 9 10 11 | 11.1
Fighting       | 1 2 3 4 5 7 9 10 11 | 11.7
Dodging        | 7 10 | 10.2
Necromancy     | 8 10 | 10.1
Invocations    | 6 10 | 10.5
Evocations     | 6 10 | 10.3
Stealth        | |  2.4

Action                   |  1- 3 |  4- 6 |  7- 9 | 10-12 | 13-15 || total
-------------------------+-------+-------+-------+-------+-------++-------
Melee: Club              |    10 |       |       |       |       ||    10
       Dagger            |    11 |       |       |       |       ||    11
       Short sword       |     5 |       |       |       |       ||     5
       Hand axe          |    22 |    72 |       |       |       ||    94
       Falchion          |       |    56 |   242 |   103 |       ||   401
       Dire flail        |       |       |    71 |   233 |       ||   304
       Mace              |       |       |       |   383 |   389 ||   772
       Staff             |       |       |       |       |    14 ||    14
 Cast: Pain              |    36 |    23 |    32 |    37 |    14 ||   142
       Vampiric Draining |     7 |    35 |    65 |   246 |   194 ||   547
       Animate Dead      |       |       |       |    14 |    24 ||    38
Invok: Greater Servant o |       |       |       |       |     4 ||     4
 Abil: Device Recharging |       |       |     2 |     4 |       ||     6
Evoke: Wand              |       |     3 |    16 |    20 |    27 ||    66
  Use: Scroll            |     6 |     5 |    15 |    16 |    15 ||    57
       Potion            |     3 |     4 |     2 |     4 |     6 ||    19
 Stab: Sleeping          |     2 |       |       |     5 |     2 ||     9
       Distracted        |       |       |       |     1 |     1 ||     2
  Eat: Bread ration      |     1 |     2 |     2 |     3 |     2 ||    10
       Pizza             |       |       |     2 |     1 |       ||     3
       Meat ration       |       |       |       |     5 |     1 ||     6
       Fruit             |       |       |       |     5 |       ||     5
       Royal jelly       |       |       |       |     1 |       ||     1
       Beef jerky        |       |       |       |     1 |       ||     1
Armor: Robe              |     8 |       |       |       |       ||     8
       Leather armour    |     6 |    67 |   227 |   569 |   423 ||  1292
Dodge: Dodged            |    59 |   108 |   339 |  1061 |   596 ||  2163
Block: Shield            |       |       |       |    10 |   299 ||   309
